 Dungeon Crawl Stone Soup version 0.26-a0-812-g31a745ddcd (webtiles) character file.

Game seed: 1813882366390562829

4 vishdafish the Sneak (level 1, -8/22 HPs)
             Began as a Troll Delver on Nov 30, 2020.
             Was an Initiate of Makhleb.
             Shot with an arrow by a centaur (12 damage)
             ... on level 5 of the Dungeon.
             The game lasted 00:01:31 (457 turns).

vishdafish the Sneak (Troll Delver)                  Turns: 457, Time: 00:01:32

Health: -8/22      AC:  6    Str: 19    XL:     1   Next: 50%
Magic:  0/0        EV: 10    Int:  6    God:    Makhleb [......]
Gold:   20         SH:  0    Dex: 11    Spells: 0/0 levels left

rFire    . . .     SeeInvis .   a - +0 mace
rCold    . . .     Faith    .   (no shield)
rNeg     . . .     Spirit   .   b - +0 robe
rPois    .         Reflect  .   (helmet restricted)
rElec    .         Harm     .   (no cloak)
rCorr    .         Rampage  .   (gloves unavailable)
MR       .....                  (boots unavailable)
Stlth    ++........             i - amulet of regeneration
HPRegen  0.87/turn              (no ring)
MPRegen  0.07/turn              (no ring)

@: no status effects
A: large, unfitting armour, claws 3, regeneration 1, shaggy fur 1, tough skin 3
a: Renounce Religion


You were on level 5 of the Dungeon.
You worshipped Makhleb.
Makhleb was noncommittal.
You visited 2 branches of the dungeon, and saw 2 of its levels.

You collected 20 gold pieces.

Inventory:

Hand Weapons
 a - a +0 mace (weapon)
Armour
 b - a +0 robe (worn)
Jewellery
 i - an amulet of regeneration (around neck)
Wands
 g - a wand of digging (3)
Scrolls
 c - a scroll of fog
 d - a scroll of magic mapping
 e - a scroll of fear
Potions
 f - 2 potions of haste
 h - a potion of brilliance {unknown}


   Skills:
 + Level 2.4 Fighting
 * Level 1.8 Maces & Flails
 + Level 1.5 Dodging
 - Level 2.8 Stealth


You couldn't memorise any spells.
You didn't know any spells.
Your spell library was empty.

Dungeon Overview and Level Annotations

Branches:
Dungeon (5/15)             Temple (1/1) D:5

Altars:
Cheibriados
Fedhas
Gozag
Hepliaklqana
Kikubaaqudgha
Makhleb
Ru
Sif Muna
Uskayaw
Vehumet
Wu Jian
Xom
Yredelemnul
Zin
The Shining One


Innate Abilities, Weirdness & Mutations

You are too large for most types of armour.
You have claws for hands.
Your natural rate of healing is unusually fast.
You are covered in fur. (AC +1)
You have extremely tough skin. (AC +3)


Message History

The centaur shoots an arrow.
The arrow hits you!
Ouch! That really hurt!
You hear a shout!
You see here an arrow.
You are too injured to fight recklessly!
You are too injured to fight recklessly!
You are too injured to fight recklessly!
You are too injured to fight recklessly!
You are too injured to fight recklessly!
You are too injured to fight recklessly!
You are too injured to fight recklessly!
You are too injured to fight recklessly!
Unknown command.
The centaur shoots an arrow.
The arrow hits you!
* * * LOW HITPOINT WARNING * * *
You see here 4 arrows.
The centaur shoots an arrow.
The arrow barely misses you.
The centaur shoots an arrow.
The arrow hits you!
Ouch! That really hurt!
You die...

## #.# # #..#
##.#
###..###...#
#........# ###
#....# ..c
#.##.###.#
###.##.....# ..
#.....@(W.##
...#..#.#####.#
(....##.#####.#.
................
...####.########
##### #.# (...
#.# #..# #...#
####'###### #..#
#...#
#.......#.#
####..###


You could see a phantom and a centaur.

Vanquished Creatures
  2 leopard geckos (D:5)
2 creatures vanquished.

Notes
Turn   | Place    | Note
-------+----------+-------------------------------------------
     0 | D:5      | vishdafish the Troll Delver began the quest for the Orb.
     0 | D:5      | Reached XP level 1. HP: 22/22 MP: 0/0
    87 | D:5      | Noticed an orc priest
    97 | D:5      | Found a staircase to the Ecumenical Temple.
   104 | Temple   | Entered the Ecumenical Temple
   396 | Temple   | Became a worshipper of Makhleb the Destroyer
   449 | D:5      | Noticed a phantom
   452 | D:5      | Noticed a centaur
   457 | D:5      | Shot with an arrow by a centaur

Illustrated notes

Levels and vault maps discovered:
D:5:      layout_rooms, temple_green, minmay_quadrilaterals, uniq_ijyb
Temple:   regret_index_temple_generic_petals

Action                   || total
-------------------------++-------
Melee: Mace              ||    16
Armor: Robe              ||    10
Dodge: Dodged            ||    12

Table legend: (Time is in decaauts)
 A = Elapsed time spent in this place.
 B = Non-inter-level travel time spent in this place.
 C = Inter-level travel time spent in this place.
 D = Time resting spent in this place.
 E = Time spent auto-exploring this place.
 F = Levels seen in this place.
 G = Mean time per level.
                   A        B        C        D        E       F      G
               +--------+--------+--------+--------+--------+-----+--------+
         Total |    462 |    347 |    115 |     24 |    237 |   2 |  231.0 |
       Dungeon |    133 |    133 |      0 |     24 |     32 |   1 |  133.0 |
        Temple |    328 |    213 |    115 |      0 |    205 |   1 |  328.0 |
               +--------+--------+--------+--------+--------+-----+--------+

Top non-repeatable levels by time:
  Temple: 328 daAuts
     D:5: 133 daAuts
